 Dungeon Crawl Stone Soup version 0.31-a0-232-gb1c03b2570 (webtiles) character file.

Game seed: 12192501238546300438

144 qw the Shooter (level 5, -1/30 HPs)
             Began as a Gargoyle Hexslinger on July 6, 2023.
             Slain by an ogre
             ... wielding a +0 giant club
              (10 damage)
             ... on level 4 of the Dungeon.
             The game lasted 00:01:01 (2770 turns).

qw the Shooter (Gargoyle Hexslinger)                Turns: 2770, Time: 00:01:02

Health: -1/30      AC: 15    Str: 11    XL:     5   Next: 27%
Magic:  6/6        EV: 10    Int: 14    God:
Gold:   180        SH:  0    Dex: 14    Spells: 5/6 levels left

rFire   . . .        Y - +1 sling
rCold   . . .        (no shield)
rNeg    + . .        g - +0 ring mail
rPois   inf          (no helmet)
rElec   +            (no cloak)
rCorr   .            h - +2 pair of gloves
SInv    .            j - +2 pair of boots
Will    .....        (no amulet)
Stlth   +            (no ring)
HPRegen 0.25/turn    (no ring)
MPRegen 0.10/turn

%: no passive effects
@: no status effects
A: sickness immunity, AC +4, negative energy resistance 1, electricity
resistance, torment resistance 1, petrification resistance
a: no special abilities


You were on level 4 of the Dungeon.
You visited 1 branch of the dungeon, and saw 4 of its levels.

You collected 180 gold pieces.


Innate Abilities, Weirdness & Mutations

You are immune to sickness and miasma.
Your stone body is resilient. (AC +4)
You are immune to poison.
You resist negative energy. (rN+)
You are resistant to electric shocks. (rElec)
You are resistant to unholy torment.
You are immune to petrification.


   Skills:
 - Level 2.1 Fighting
 + Level 4.5 Ranged Weapons
 - Level 2.0 Armour
 - Level 1.5 Dodging
 - Level 1.0 Spellcasting
 - Level 2.6 Hexes


You had 5 spell levels left.
You knew the following spells:

 Your Spells              Type           Power      Damage    Failure   Level
a - Slow                  Hex            32%        N/A       21%         1

Your spell library contained the following spells:

 Spells                   Type           Power      Damage    Failure   Level
 Inner Flame              Hex/Fire       4%         N/A       71%         3
 Portal Projectile        Hex/Tloc       8%         N/A       71%         3
 Cause Fear               Hex            4%         N/A       90%         4

Inventory:

Hand Weapons
 Y - a +1 sling (weapon)
Armour
 g - a +0 ring mail (worn)
 h - a +2 pair of gloves (worn)
 j - a +2 pair of boots (worn)
Scrolls
 c - a scroll of identify
Potions
 a - a potion of heal wounds
 b - a potion of attraction {unknown}
 d - a potion of lignification {unknown}
 e - a potion of curing
 f - a potion of might {unknown}
 i - a potion of enlightenment {unknown}

Dungeon Overview and Level Annotations

Branches:
Dungeon (4/15)
 Temple: D:4-7

Altars:

Shops:
D:3 :


Message History

You shoot a sling bullet. The sling bullet hits the adder.
The adder is heavily wounded.
The adder closely misses you.
You shoot a sling bullet.
The sling bullet closely misses the adder.
The adder bites you but does no damage. The adder closely misses you.
You shoot a sling bullet.
The sling bullet closely misses the adder.
The adder misses you. The adder bites you but does no damage.
You shoot a sling bullet.
The sling bullet closely misses the adder.
The adder bites you. The adder closely misses you.
You shoot a sling bullet. The sling bullet hits the adder!
You kill the adder!
You start resting.
HP restored.
You see here an adder corpse.
A hobgoblin comes into view.
Found a stone staircase leading up.
The hobgoblin shouts!
You hear a shout!
You shoot a sling bullet. The sling bullet hits the hobgoblin.
The hobgoblin is almost dead.
An ogre comes into view. It is wielding a +0 giant club.
The ogre shouts!
You shoot a sling bullet. The sling bullet hits the hobgoblin!
You kill the hobgoblin!
You shoot a sling bullet. The sling bullet hits the ogre.
The ogre is lightly wounded.
You shoot a sling bullet. The sling bullet hits the ogre.
The ogre is moderately wounded.
You shoot a sling bullet. The sling bullet hits the ogre.
The ogre is heavily wounded.
You shoot a sling bullet. The sling bullet hits the ogre.
The ogre is heavily wounded.
The ogre hits you with a +0 giant club!!
Ouch! That really hurt!
You shoot a sling bullet. The sling bullet hits the ogre!
The ogre is almost dead.
The ogre hits you with a +0 giant club!
You die...

#..... ...
.#.....## .....
........# ......
#......# #......
#......###%......
##.........#....<.
#.)....%%..#......
#.....(.#..O......
#.......##@......#
##.......###.....##
#.......## #...##
#.(.....# #..#
#.......# #...
#......## #...
###....# ..#
#.##..# .# ##.#####


You could see an ogre.

Vanquished Creatures
  A hound (D:3)
  5 adders
  3 worms (D:2)
  3 dart slugs (D:3)
  2 orcs
  4 endoplasms
  A giant cockroach (D:2)
  3 goblins
  4 hobgoblins
  4 quokkas
  6 ball pythons
  5 bats
  5 frilled lizards
  7 kobolds
  5 rats
58 creatures vanquished.

Notes
Turn   | Place    | Note
-------+----------+-------------------------------------------
     0 | D:1      | qw the Gargoyle Hexslinger began the quest for the Orb.
     0 | D:1      | Reached XP level 1. HP: 12/12 MP: 2/2
     0 | D:1      | 0 ||| qw: Version: 0.3-a-46-gb1f654a
     0 | D:1      | 0 ||| qw: Game counter: 1982
     0 | D:1      | 0 ||| qw: Melee chars always use a shield: true
     0 | D:1      | 0 ||| qw: God list: Okawaru
     0 | D:1      | 0 ||| qw: Allow faded altars: false
     0 | D:1      | 0 ||| qw: Do Orc after clearing Dungeon:15 true
     0 | D:1      | 0 ||| qw: Do second Lair branch before Depths: true
     0 | D:1      | 0 ||| qw: Lair rune preference: random
     0 | D:1      | 0 ||| qw: Goals: Normal
     0 | D:1      | 0 ||| PLANNING D:1-11
   183 | D:1      | Reached XP level 2. HP: 11/16 MP: 3/3
   633 | D:1      | Reached skill level 3 in Ranged Weapons
   763 | D:1      | 763 ||| UPGRADING to +0 leather armour.
   773 | D:1      | 773 ||| DROPPING +0 robe.
   774 | D:1      | 774 ||| READING scroll labelled ESE GUCSEDOM.
   775 | D:1      | 775 ||| READING scroll labelled LEKLOM AXZID.
   776 | D:1      | 776 ||| READING scroll labelled BIFAEKU YSOLEDOF.
   777 | D:1      | 777 ||| DRINKING 2 fuming coppery potions.
   778 | D:1      | 778 ||| DROPPING scroll of poison.
   818 | D:2      | 818 ||| STAIRDANCE
  1024 | D:2      | Reached XP level 3. HP: 21/21 MP: 4/4
  1655 | D:2      | Reached XP level 4. HP: 26/26 MP: 5/5
  1689 | D:2      | Reached skill level 4 in Ranged Weapons
  1907 | D:2      | 1907 ||| UPGRADING to +0 ring mail.
  1917 | D:2      | 1917 ||| DROPPING +0 leather armour.
  1918 | D:2      | 1918 ||| UPGRADING to +1 pair of gloves.
  1923 | D:2      | 1923 ||| DROPPING ring of wizardry.
  1924 | D:2      | 1924 ||| READING scroll labelled SODGHE UDGHEOHE.
  1925 | D:2      | 1925 ||| READING scroll labelled ZEETYOPTIE.
  1926 | D:2      | 1926 ||| READING 2 scrolls labelled LAUDDE XUESU.
  1927 | D:2      | 1927 ||| READING scroll of enchant armour.
  1927 | D:2      | 1927 ||| ENCHANTING +1 pair of gloves.
  2249 | D:3      | Reached XP level 5. HP: 30/30 MP: 6/6
  2501 | D:3      | Found Voenij's Book Boutique.
  2669 | D:3      | 2669 ||| UPGRADING to +2 pair of boots.
  2674 | D:3      | 2674 ||| READING 2 scrolls of identify.
  2674 | D:3      | 2674 ||| IDENTIFYING brown potion
  2764 | D:4      | Noticed an ogre
  2770 | D:4      | Slain by an ogre

Levels and vault maps discovered:
D:1:      sevenhm_arrival_forest_fort_large_3, layout_loops_ring
D:2:      layout_basic
D:3:      layout_loops_ring, serial_shops, nicolae_shop_just_a_little_nook,
          corexii_shack, minmay_hedge_maze
D:4:      layout_cave_pods, minmay_lizard_king, uniq_duvessa, uniq_grinder

Skill      XL: |  1  2  3  4 |
---------------+-------------+-----
Ranged Weapons | 3 4 |  4.5
Fighting       | 2 |  2.1
Armour         | 2 |  2.0
Dodging        | |  1.5
Spellcasting   | |  1.0
Hexes          | |  2.6

Action                     |  1- 3 |  4- 6 || total
---------------------------+-------+-------++-------
   Fire: Sling             |   149 |   101 ||   250
    Use: Scroll            |     3 |     5 ||     8
         Potion            |     1 |       ||     1
 Armour: Robe              |    15 |       ||    15
         Leather armour    |    23 |     2 ||    25
         Ring mail         |       |    29 ||    29
  Dodge: Dodged            |    53 |    28 ||    81

Table legend:
 A = Non-vault XP
 B = Vault XP
 C = Vault XP percentage of total XP
 D = Non-vault monster count
 E = Vault monster count
 F = Vault count percentage of total count
                 A         B        C        D         E       F
            +---------+---------+-------+---------+---------+-------
      Total |     204 |       3 |   1.4 |      57 |       1 |   1.7
            +---------+---------+-------+---------+---------+-------
        D:1 |      24 |       0 |   0.0 |      15 |       0 |   0.0
        D:2 |      79 |       0 |   0.0 |      22 |       0 |   0.0
        D:3 |      81 |       3 |   3.6 |      16 |       1 |   5.9
        D:4 |      20 |       0 |   0.0 |       4 |       0 |   0.0
            +---------+---------+-------+---------+---------+-------
